 Dungeon Crawl Stone Soup version 0.31-a0-185-g9dded2c639 (webtiles) character file.

Game seed: 5403121861731912353

390 qw the Skirmisher (level 6, -1/36 HPs)
             Began as a Deep Elf Hunter on June 22, 2023.
             Slain by a black bear (7 damage)
             ... on level 5 of the Dungeon.
             The game lasted 00:01:11 (3267 turns).

qw the Skirmisher (Deep Elf Hunter)                 Turns: 3267, Time: 00:01:11

Health: -1/36      AC:  5    Str:  9 (10) XL:     6   Next: 50%
Magic:  8/8        EV: 10    Int: 13 (14) God:
Gold:   237        SH:  0    Dex: 16 (18) Spells: 5/5 levels left

rFire   . . .        l - +1 arbalest
rCold   . . .        (shield currently unavailable)
rNeg    . . .        k - +0 ring mail
rPois   +            (no helmet)
rElec   .            (no cloak)
rCorr   .            (no gloves)
SInv    .            (no boots)
Will    .....        (no amulet)
Stlth   +            f - ring of poison resistance
HPRegen 0.26/turn    (no ring)
MPRegen 0.11/turn

%: no passive effects
@: about to teleport
A: no striking features
a: no special abilities


You were on level 5 of the Dungeon.
You visited 1 branch of the dungeon, and saw 5 of its levels.

You collected 237 gold pieces.


   Skills:
 - Level 2.4 Fighting
 + Level 9.9 Ranged Weapons
 - Level 2.4 Dodging
 - Level 1.2 Stealth


You had 5 spell levels left.
You didn't know any spells.
Your spell library was empty.

Inventory:

Hand Weapons
 l - a +1 arbalest (weapon)
Armour
 k - a +0 ring mail (worn)
Jewellery
 f - a ring of poison resistance (left hand)
Scrolls
 i - a scroll of teleportation
 j - a scroll of identify
Potions
 b - a potion of cancellation {unknown}
 c - a potion of enlightenment {unknown}
 d - 3 potions of curing
 e - a potion of brilliance {unknown}
 g - a potion of haste {unknown}
 h - a potion of heal wounds

Dungeon Overview and Level Annotations

Branches:
Dungeon (5/15)
 Temple: D:4-7

Altars:
Wu Jian


Message History

You shoot a bolt. The bolt hits the dart slug!!
You kill the dart slug!
Found a stone staircase leading up.
Enter note:
Enter note:
There is a stone staircase leading up here.
A black bear comes into view.
Enter note:
Enter note:
Enter note:
Enter note:
Enter note: You shoot a bolt.
The bolt hits the black bear.
The black bear is lightly wounded.
You shoot a bolt. The bolt barely misses the black bear.
You shoot a bolt. The bolt hits the black bear.
The black bear is moderately wounded.
You shoot a bolt. The bolt closely misses the black bear.
The black bear bites you. The black bear claws you.
The black bear barely misses you. The black bear bites you.
The black bear claws you but does no damage.
The black bear barely misses you.
You shoot a bolt. The bolt barely misses the black bear.
The black bear bites you.
The black bear claws you but does no damage. x2
The black bear bites you.
The black bear claws you but does no damage. x2
You shoot a bolt. The bolt hits the black bear.
The black bear is moderately wounded.
The black bear closely misses you. The black bear barely misses you.
The black bear claws you.
You shoot a bolt. The bolt hits the black bear!
The black bear is almost dead.
The black bear goes berserk!
The black bear bites you! The black bear claws you.
The black bear barely misses you.
3267 ||| READING 2 scrolls of teleportation.
As you read the scroll of teleportation, it crumbles to dust.
You feel strangely unstable. The black bear bites you!
You die...

#..........# ...#
#..........# ..### .
##....#.....###....
..............##..#
..................# #.
..........#.###..### ##.
......#...### #....###..
......#....#####...##...
...!..h@....#.....<.....
........................
........................
........................
#.......................
##....................##
#.....................#
.........$............##
...##........


You could see a black bear (berserk).

Vanquished Creatures
  A water moccasin (D:5)
  2 scorpions (D:4)
  An iguana (D:4)
  4 adders
  2 worms (D:2)
  4 dart slugs
  6 ball pythons
  8 bats
  4 endoplasms
  4 giant cockroaches
  18 hobgoblins
  3 quokkas
  3 frilled lizards (D:2)
  12 goblins
  12 kobolds
  3 rats
87 creatures vanquished.

Notes
Turn   | Place    | Note
-------+----------+-------------------------------------------
     0 | D:1      | qw the Deep Elf Hunter began the quest for the Orb.
     0 | D:1      | Reached XP level 1. HP: 12/12 MP: 3/3
     0 | D:1      | 0 ||| qw: Version: 0.3-a-9-g12657ce
     0 | D:1      | 0 ||| qw: Game counter: 1874
     0 | D:1      | 0 ||| qw: Always use a shield: true
     0 | D:1      | 0 ||| qw: God list: Okawaru
     0 | D:1      | 0 ||| qw: Allow faded altars: false
     0 | D:1      | 0 ||| qw: Do Orc after D:15 true
     0 | D:1      | 0 ||| qw: Do second Lair branch before Depths: true
     0 | D:1      | 0 ||| qw: Lair rune preference: random
     0 | D:1      | 0 ||| qw: Plans: Normal
     0 | D:1      | 0 ||| PLANNING D:1-11
   144 | D:1      | Reached XP level 2. HP: 16/16 MP: 4/4
   277 | D:1      | Reached skill level 6 in Ranged Weapons
   602 | D:1      | Reached XP level 3. HP: 20/20 MP: 5/5
   758 | D:1      | 758 ||| UPGRADING to +0 scale mail.
   768 | D:1      | 768 ||| DROPPING +0 leather armour.
   769 | D:1      | 769 ||| READING scroll labelled QYATOR MEOQIS.
   772 | D:1      | 772 ||| READING scroll labelled CEN PECEGIYZEG.
   773 | D:1      | 773 ||| DROPPING scroll of butterflies.
   826 | D:2      | Found an ornate altar of the Wu Jian Council.
   836 | D:2      | Reached skill level 7 in Ranged Weapons
   986 | D:2      | Reached XP level 4. HP: 13/25 MP: 6/6
  1356 | D:2      | 1356 ||| UPGRADING to +0 ring mail.
  1366 | D:2      | 1366 ||| DROPPING +0 scale mail.
  1367 | D:2      | 1367 ||| UPGRADING to ring of poison resistance.
  1368 | D:2      | 1368 ||| READING scroll labelled QARHEE ENUSTRI.
  1369 | D:2      | 1369 ||| READING scroll labelled GACA BUGUOLOI.
  1370 | D:2      | 1370 ||| READING scroll labelled YLIUMA PUSTYSO.
  1371 | D:2      | 1371 ||| DRINKING 2 blue potions.
  1897 | D:3      | 1897 ||| FLEEEEING.
  2061 | D:3      | 2061 ||| SWAPPING to +0 arbalest.
  2062 | D:3      | 2062 ||| DROPPING +1 shortbow.
  2491 | D:4      | Reached skill level 8 in Ranged Weapons
  2537 | D:4      | Noticed a scorpion
  2540 | D:4      | Killed a scorpion
  2541 | D:4      | Reached XP level 5. HP: 29/29 MP: 7/7
  2659 | D:4      | Reached skill level 9 in Ranged Weapons
  2744 | D:4      | Reached XP level 6. HP: 24/36 MP: 8/8
  2953 | D:4      | 2953 ||| READING scroll of enchant weapon.
  2953 | D:4      | 2953 ||| ENCHANTING +0 arbalest.
  3081 | D:4      | 3081 ||| DRINKING 2 lumpy sapphire potions.
  3082 | D:4      | 3082 ||| DRINKING 4 brown potions.
  3083 | D:4      | 3083 ||| DROPPING potion of degeneration.
  3104 | D:5      | Entered Level 5 of the Dungeon
  3108 | D:5      | Noticed a water moccasin
  3117 | D:5      | Killed a water moccasin
  3266 | D:5      | HP: 6/36 [black bear (8)]
  3267 | D:5      | 3267 ||| READING 2 scrolls of teleportation.
  3267 | D:5      | Slain by a black bear

Levels and vault maps discovered:
D:1:      erik_arrival_orb_chamber, layout_loops_corners
D:2:      layout_basic, basic_altar
D:3:      layout_basic, grunt_ministairs_13, chequers_serial_rivers_large_a,
          patterned_corridor
D:4:      layout_basic
D:5:      layout_cave_pools, nicolae_overflow_two_pavilions,
          nicolae_kite_square_tiling_tiny, uniq_grinder

Skill      XL: |  1  2  3  4  5 |
---------------+----------------+-----
Ranged Weapons | 6 7 8 9 |  9.9
Fighting       | 2 |  2.4
Dodging        | |  2.4
Stealth        | |  1.2

Action                     |  1- 3 |  4- 6 || total
---------------------------+-------+-------++-------
   Fire: Shortbow          |   137 |    47 ||   184
         Arbalest          |       |    87 ||    87
    Use: Scroll            |     2 |     5 ||     7
         Potion            |       |     3 ||     3
 Armour: Scale mail        |    14 |     7 ||    21
         Leather armour    |     6 |       ||     6
         Ring mail         |       |    15 ||    15
  Dodge: Dodged            |    31 |    33 ||    64

Table legend:
 A = Non-vault XP
 B = Vault XP
 C = Vault XP percentage of total XP
 D = Non-vault monster count
 E = Vault monster count
 F = Vault count percentage of total count
                 A         B        C        D         E       F
            +---------+---------+-------+---------+---------+-------
      Total |     552 |       6 |   1.1 |      85 |       2 |   2.3
            +---------+---------+-------+---------+---------+-------
        D:1 |      54 |       0 |   0.0 |      29 |       0 |   0.0
        D:2 |      58 |       0 |   0.0 |      25 |       0 |   0.0
        D:3 |      28 |       6 |  17.6 |      10 |       2 |  16.7
        D:4 |     263 |       0 |   0.0 |      19 |       0 |   0.0
        D:5 |     149 |       0 |   0.0 |       2 |       0 |   0.0
            +---------+---------+-------+---------+---------+-------
